 Dungeon Crawl Stone Soup version 0.31.0-9-g3a7656b989 (webtiles) character file.

Game seed: 18052928023676407063

262 qw the Skirmisher (level 5, -1/29 HPs)
             Began as a Deep Elf Hunter on Feb 2, 2024.
             Slain by a scorpion (3 damage)
             ... on level 4 of the Dungeon.
             The game lasted 00:00:09 (2417 turns).

qw the Skirmisher (Deep Elf Hunter)                 Turns: 2417, Time: 00:00:09

Health: -1/29      AC:  6    Str: 10    XL:     5   Next: 97%
Magic:  7/7        EV: 11    Int: 14    God:
Gold:   58         SH:  0    Dex: 18    Spells: 4/4 levels left

rFire   . . .        a - +0 shortbow
rCold   . . .        (shield currently unavailable)
rNeg    . . .        d - +0 ring mail
rPois   +            h - +0 helmet
rElec   .            (no cloak)
rCorr   .            (no gloves)
SInv    .            (no boots)
Will    .....        (no amulet)
Stlth   +            f - ring of poison resistance
HPRegen 0.24/turn    (no ring)
MPRegen 0.10/turn

%: no passive effects
@: no status effects
A: no striking features
a: no special abilities


You were on level 4 of the Dungeon.
You visited 1 branch of the dungeon, and saw 4 of its levels.

You collected 58 gold pieces.


   Skills:
 + Level 1.5 Fighting
 - Level 9.5 Ranged Weapons
 - Level 2.4 Dodging
 - Level 1.2 Stealth


You had 4 spell levels left.
You didn't know any spells.
Your spell library was empty.

Inventory:

Hand Weapons
 a - a +0 shortbow (weapon)
Armour
 c - a +0 pair of boots
 d - a +0 ring mail (worn)
 g - a +2 pair of gloves
 h - a +0 helmet (worn)
Jewellery
 f - a ring of poison resistance (left hand)
Wands
 k - a wand of flame (16)
Scrolls
 b - 2 scrolls of identify
 i - a scroll of teleportation {unknown}
 l - a scroll of enchant armour {unknown}
Potions
 e - 3 potions of curing
 j - a potion of haste {unknown}

Dungeon Overview and Level Annotations

Branches:
Dungeon (4/15)
 Temple: D:4-7

Altars:


Message History

The puff of flame hits the ogre.
The ogre is severely wounded.
2409 ||| ZAPPING wand of flame (19) at 0,2 (ogre; floor).
Aiming: Throw Flame
Press: ? - help, Q - select action, (/) - cycle Shift-Dir - straight line, f/p - ogre The puff of flame hits the ogre.
The ogre is severely wounded.
2410 ||| ZAPPING wand of flame (18) at 0,1 (ogre; floor).
Aiming: Throw Flame
Press: ? - help, Q - select action, (/) - cycle Shift-Dir - straight line, f/p - ogre The puff of flame misses the ogre.
The puff of flame hits the scorpion.
The scorpion is lightly wounded.
The ogre hits you with a +0 giant club!!
Ouch! That really hurt!
2411 ||| ZAPPING wand of flame (17) at 0,1 (ogre; floor).
Aiming: Throw Flame
Press: ? - help, Q - select action, (/) - cycle Shift-Dir - straight line, f/p - ogre The puff of flame hits the ogre!
You kill the ogre!
Your Ranged Weapons skill increases to level 9!
You shoot an arrow.
The arrow hits the scorpion but does no damage.
The scorpion is lightly wounded.
The scorpion misses you. The scorpion stings you.
You shoot an arrow. The arrow closely misses the scorpion.
The scorpion stings you but does no damage.
You shoot an arrow. The arrow barely misses the scorpion.
The scorpion stings you but does no damage.
A hobgoblin comes into view.
You shoot an arrow. The arrow closely misses the scorpion.
The scorpion barely misses you.
You shoot an arrow. The arrow hits the scorpion.
The scorpion is lightly wounded.
The scorpion stings you. The scorpion barely misses you.
You shoot an arrow.
The arrow hits the scorpion but does no damage.
The scorpion is lightly wounded.
The hobgoblin hits you but does no damage.
The scorpion stings you.
You die...

#####........#
#.
#............#
##
#........#####
#........#
#........#
#........#
#........#
#........#
#@.......#
#sg..#####
#....# .....#
.....# ......#
......#
.......#


You could see a scorpion and a hobgoblin.

Vanquished Creatures
  An ogre (D:4)
  A bombardier beetle (D:4)
  Jessica (D:2)
  An orc wizard (D:3)
  3 adders
  2 ribbon worms (D:2)
  5 orcs (D:3)
  2 ball pythons
  7 endoplasms
  5 giant cockroaches
  7 goblins
  5 hobgoblins
  2 jackals (D:1)
  6 kobolds
  A quokka (D:2)
  3 bats
  4 frilled lizards (D:1)
  3 rats
59 creatures vanquished.

Notes
Turn   | Place    | Note
-------+----------+-------------------------------------------
     0 | D:1      | qw the Deep Elf Hunter began the quest for the Orb.
     0 | D:1      | Reached XP level 1. HP: 12/12 MP: 3/3
     0 | D:1      | 0 ||| qw: Version: 0.3-a-155-g5e7d8dd
     0 | D:1      | 0 ||| qw: Game counter: 2787
     0 | D:1      | 0 ||| qw: Melee chars always use a shield: true
     0 | D:1      | 0 ||| qw: God list: Okawaru
     0 | D:1      | 0 ||| qw: Allow faded altars: false
     0 | D:1      | 0 ||| qw: Do Orc after clearing Dungeon:15 true
     0 | D:1      | 0 ||| qw: Do second Lair branch before Depths: true
     0 | D:1      | 0 ||| qw: Lair rune preference: random
     0 | D:1      | 0 ||| qw: Goals: Normal
     0 | D:1      | 0 ||| PLANNING D:1-11
   164 | D:1      | Reached skill level 6 in Ranged Weapons
   164 | D:1      | Reached XP level 2. HP: 16/16 MP: 4/4
   811 | D:1      | 811 ||| READING scroll labelled LIDWOF OMIM.
   812 | D:1      | 812 ||| DROPPING scroll of butterflies.
   853 | D:2      | Reached XP level 3. HP: 20/20 MP: 5/5
  1282 | D:2      | Reached skill level 7 in Ranged Weapons
  1334 | D:2      | Noticed Jessica
  1338 | D:2      | Killed Jessica
  1339 | D:2      | Reached XP level 4. HP: 25/25 MP: 6/6
  1466 | D:2      | 1466 ||| UPGRADING to +0 ring mail.
  1476 | D:2      | 1476 ||| DROPPING +0 leather armour.
  1477 | D:2      | 1477 ||| UPGRADING to +0 helmet.
  1482 | D:2      | 1482 ||| UPGRADING to ring of poison resistance.
  1483 | D:2      | 1483 ||| READING scroll labelled CYSSAKKI LUHIP.
  1584 | D:2      | 1584 ||| READING 3 scrolls labelled PERUL QEUCHUY.
  1584 | D:2      | 1584 ||| IDENTIFYING bubbling dark potion
  1585 | D:2      | 1585 ||| READING 2 scrolls of identify.
  1585 | D:2      | 1585 ||| IDENTIFYING 2 bubbling green potions
  1586 | D:2      | 1586 ||| DROPPING potion of berserk rage.
  1639 | D:3      | 1639 ||| RETREEEEATING.
  1640 | D:3      | 1640 ||| RETREEEEATING.
  1649 | D:3      | Reached skill level 8 in Ranged Weapons
  2061 | D:3      | Found a faded altar of an unknown god.
  2147 | D:3      | 2147 ||| READING scroll of identify.
  2147 | D:3      | 2147 ||| IDENTIFYING silvery potion
  2148 | D:3      | 2148 ||| READING scroll labelled HESA HOYPS.
  2149 | D:3      | 2149 ||| DRINKING 2 smoky orange potions.
  2192 | D:3      | 2192 ||| DROPPING potion of lignification.
  2193 | D:3      | 2193 ||| DROPPING potion of degeneration.
  2222 | D:4      | Reached XP level 5. HP: 29/29 MP: 7/7
  2404 | D:4      | Noticed an ogre
  2407 | D:4      | 2407 ||| ZAPPING wand of flame (21) at -1,4 (ogre; floor).
  2408 | D:4      | 2408 ||| ZAPPING wand of flame (20) at 0,3 (ogre; floor).
  2409 | D:4      | 2409 ||| ZAPPING wand of flame (19) at 0,2 (ogre; floor).
  2410 | D:4      | 2410 ||| ZAPPING wand of flame (18) at 0,1 (ogre; floor).
  2410 | D:4      | HP: 7/29 [ogre/+0 giant club (22)]
  2411 | D:4      | 2411 ||| ZAPPING wand of flame (17) at 0,1 (ogre; floor).
  2411 | D:4      | Killed an ogre
  2412 | D:4      | Reached skill level 9 in Ranged Weapons
  2416 | D:4      | HP: 2/29 [scorpion (3)]
  2417 | D:4      | Slain by a scorpion

Levels and vault maps discovered:
D:1:      sevenhm_arrival_forest_fort_small_5, layout_basic,
          columned_hall_lemuel
D:2:      layout_loops_ring, uniq_jessica
D:3:      layout_basic, dilly_ecumenical_altar_fadedgnrine, minmay_crystal_room
D:4:      layout_gridville, st_stairs_10, uniq_edmund

Skill      XL: |  1  2  3  4  5 |
---------------+----------------+-----
Ranged Weapons | 6 7 8 9 |  9.5
Fighting       | |  1.5
Dodging        | |  2.4
Stealth        | |  1.2

Action                     |  1- 3 |  4- 6 || total
---------------------------+-------+-------++-------
   Fire: Shortbow          |    89 |    68 ||   157
  Evoke: Wand              |       |     5 ||     5
    Use: Scroll            |     1 |     5 ||     6
         Potion            |       |     1 ||     1
 Armour: Leather armour    |     7 |     2 ||     9
         Ring mail         |       |    17 ||    17
  Dodge: Dodged            |     7 |    19 ||    26

Table legend:
 A = Non-vault XP
 B = Vault XP
 C = Vault XP percentage of total XP
 D = Non-vault monster count
 E = Vault monster count
 F = Vault count percentage of total count
                 A         B        C        D         E       F
            +---------+---------+-------+---------+---------+-------
      Total |     322 |      53 |  14.1 |      55 |       4 |   6.8
            +---------+---------+-------+---------+---------+-------
        D:1 |      37 |       0 |   0.0 |      23 |       0 |   0.0
        D:2 |      43 |      37 |  46.2 |      15 |       1 |   6.2
        D:3 |      71 |       0 |   0.0 |      11 |       0 |   0.0
        D:4 |     171 |      16 |   8.6 |       6 |       3 |  33.3
            +---------+---------+-------+---------+---------+-------
